 Dungeon Crawl Stone Soup version 0.27-a0-1119-gbf574a6a6b (webtiles) character file.

Game seed: 15139293213865318795

618 Zeld the Skirmisher (level 7, -7/50 HPs)
             Began as an Octopode Fighter on May 3, 2021.
             Mangled by a scorpion (9 damage)
             ... on level 5 of the Dungeon.
             The game lasted 00:06:57 (4439 turns).

Zeld the Skirmisher (Octopode Fighter)              Turns: 4439, Time: 00:06:58

Health: -7/50      AC: -11   Str: 17    XL:     7   Next: 45%
Magic:  16/16      EV: 11    Int: 11    God:
Gold:   211        SH:  9    Dex: 11    Spells: 6/6 levels left

rFire    . . .     SeeInvis .   a - +0 war axe
rCold    . . .     Faith    .   b - +0 kite shield
rNeg     . . .     Spirit   .   (helmet restricted)
rPois    .         Reflect  .   k - amulet of regeneration
rElec    .         Harm     .   d - ring of magical power
rCorr    .         Rampage  .   (no ring)
Will     .....                  (no ring)
Stlth    ++........             (no ring)
HPRegen  1.16/turn              (no ring)
MPRegen  0.15/turn              (no ring)
                                (no ring)
                                (no ring)

@: corroded
A: almost no armour, amphibious, 8 rings, camouflage 1, gelatinous body 1,
(nimble swimmer 1), tentacles
a: no special abilities


You were on level 5 of the Dungeon.
You visited 1 branch of the dungeon, and saw 5 of its levels.

You collected 211 gold pieces.

Inventory:

Hand Weapons
 a - a +0 war axe (weapon)
Missiles
 s - 9 poisoned darts (quivered)
Armour
 b - a +0 kite shield (worn)
Jewellery
 d - a ring of magical power (left tentacle)
 k - an amulet of regeneration (around mantle)
Wands
 m - a wand of flame (22)
Scrolls
 f - 2 scrolls of noise {unknown}
 h - 5 scrolls of magic mapping {unknown}
 i - a scroll of summoning {unknown}
 l - 6 scrolls of identify {unknown}
 n - a scroll of vulnerability {unknown}
 o - a scroll of fog {unknown}
 q - a scroll of teleportation {unknown}
 r - a scroll of holy word {unknown}
Potions
 c - a potion of might
 e - a potion of resistance {unknown}
 g - a potion of mutation {unknown}
 j - a potion of invisibility {unknown}
 p - 2 potions of cancellation {unknown}
 t - a potion of flight {unknown}


   Skills:
 - Level 5.1 Fighting
 - Level 4.6 Axes
 * Level 2.4 Throwing
 - Level 3.0 Dodging
 - Level 5.1 Shields


You had 6 spell levels left.
You didn't know any spells.
Your spell library contained the following spells:

 Spells                   Type           Power      Damage    Failure   Level
 Sting                    Tmut/Pois      0%         1d3       77%         1
 Passwall                 Tmut/Erth      0%         N/A       88%         2
 Alistair's Intoxication  Tmut/Pois      0%         N/A       100%        5
 Hydra Form               Tmut           0%         N/A       100%        5
 Blade Hands              Tmut           0%         N/A       100%        6


Dungeon Overview and Level Annotations

Branches:
Dungeon (5/15)
 Temple: D:4-7

Altars:
Gozag

Shops:
D:1 [


Innate Abilities, Weirdness & Mutations

You cannot wear most types of armour.
You are amphibious.
You can wear up to eight rings at the same time.
Your skin changes colour to match your surroundings (Stealth+).
Your rubbery body absorbs attacks. (AC +1, EV +1)
((You are camouflaged near water. (Stealth+)))
You have tentacles for arms and can constrict up to eight enemies at once.


Message History

A white imp is nearby!
A jelly comes into view.
The jelly quivers.
Found 18 gold pieces.
The white imp shouts, "Flounder, thou skyhacking nose-picking baggage!"
The white imp gestures at you. The puff of frost misses you.
Found a bubbling yellow potion.
An ogre comes into view. It is wielding a +0 giant spiked club.
A scorpion comes into view.
Found a scroll labelled EVOUGO CODGH.
Found a stone staircase leading up.
You slash the jelly! The acid corrodes you!
Your tentacles burn!
The jelly is almost dead.
You block the jelly's attack. x2; The white imp hits you.
The white imp freezes you.
You hit the jelly but do no damage.
Your tentacles burn!
You squeeze the jelly.
The jelly is almost dead.
You hit the white imp but do no damage. The jelly hits you.
The acid corrodes you!
You are splashed with acid!
The white imp misses you.
You hit the jelly but do no damage.
Your tentacles burn!
The jelly is almost dead.
Your shield prevents you from hitting the white imp.
You block the jelly's attack. The white imp gestures at you.
You block the puff of frost. The jelly hits you. The acid corrodes you!
You are splashed with acid.
The white imp gestures at you. The puff of frost hits you!
You are too injured to fight recklessly!
You hit the scorpion but do no damage. You grab the scorpion.
You hit the jelly but do no damage.
Your tentacles burn!
You hit the white imp. You constrict the scorpion. The scorpion stings you!
* * * LOW HITPOINT WARNING * * *
You block the jelly's attack. The white imp gestures at you.
The puff of frost hits you!
* * * LOW HITPOINT WARNING * * *
The scorpion stings you!
You die...

..##.# ###.. #.##.#
#≈#.# <. #....# #≈#.# .
# #.#..######≈#.# . ..
.#.#...)...≈..# .#...
#...#...##.≈..#####.....
.....#.....≈.[..........
#...#...###≈#...s5...#
.#.#...## #≈###.@##..#
#.#..†..# ### #.J#
#.......# #..# #.......#
#..# ......... !..#
##....#### ##.$. #...#
#..# .#... #O?# .....


You could see an ogre (asleep), a scorpion, a jelly and a white imp.

Vanquished Creatures
  2 ogres
  2 water moccasin zombies (D:4)
  A hound (D:4)
  An orc priest (D:4)
  3 iguanas
  Terence (D:2)
  An orc wizard (D:4)
  3 gnolls
  A howler monkey skeleton (D:4)
  5 adders
  A dart slug (D:4)
  7 orcs
  3 ball pythons
  4 bats
  7 endoplasms
  3 giant cockroaches
  2 goblins
  8 hobgoblins
  8 jackals
  9 kobolds
  A quokka (D:2)
  A frilled lizard (D:3)
  3 rats
77 creatures vanquished.

Notes
Turn   | Place    | Note
-------+----------+-------------------------------------------
     0 | D:1      | Zeld the Octopode Fighter began the quest for the Orb.
     0 | D:1      | Reached XP level 1. HP: 16/16 MP: 1/1
   143 | D:1      | Reached XP level 2. HP: 13/21 MP: 2/2
   860 | D:1      | Found Rahuk's Antique Armour Boutique.
  1176 | D:2      | Reached XP level 3. HP: 23/26 MP: 3/3
  1568 | D:2      | Noticed Terence
  1574 | D:2      | Killed Terence
  1575 | D:2      | Reached XP level 4. HP: 23/33 MP: 4/4
  1695 | D:2      | Found a faded altar of an unknown god.
  2032 | D:2      | Noticed a necrophage
  3199 | D:3      | Reached XP level 5. HP: 24/37 MP: 5/5
  3593 | D:4      | Noticed an ogre
  3596 | D:4      | Killed an ogre
  3597 | D:4      | Reached XP level 6. HP: 28/44 MP: 6/6
  4160 | D:4      | Reached skill level 5 in Fighting
  4160 | D:4      | Reached skill level 5 in Shields
  4160 | D:4      | Reached XP level 7. HP: 25/50 MP: 7/7
  4302 | D:5      | Entered Level 5 of the Dungeon
  4333 | D:5      | Found an opulent altar of Gozag.
  4379 | D:5      | Identified the Reference Book on Transmigration
  4387 | D:5      | Reached skill level 1 in Throwing
  4439 | D:5      | HP: 2/50 [white imp/puff of frost (9)]
  4439 | D:5      | Mangled by a scorpion

Illustrated notes

Levels and vault maps discovered:
D:1:      roderic_octagonal_star, layout_basic, serial_shops, shop
D:2:      layout_loops_ring, hellmonk_ecumenical_altar_zigzags,
          lightli_corner_chamber, uniq_terence
D:3:      layout_rooms
D:4:      minmay_chambers_of_twos, layout_loops_ring, kennysheep_generic_room_5
D:5:      layout_loops_ring, nicolae_gozag_zags_fifth_avenue,
          minmay_misc_feat_roman, hangedman_decor_peaks_small,
          grunt_decor_arrowhead, chequers_arboretum,
          chequers_serial_rivers_micro_a

Skill      XL: |  1  2  3  4  5  6  7 |
---------------+----------------------+-----
Axes           | 3 4 |  4.6
Shields        | 4 5 |  5.1
Fighting       | 4 5 |  5.1
Throwing       | 2 |  2.4
Dodging        | |  3.0

Action                   |  1- 3 |  4- 6 |  7- 9 || total
-------------------------+-------+-------+-------++-------
Melee: War axe           |    52 |    82 |    28 ||   162
       Constrict         |    12 |    20 |     5 ||    37
       Tentacles         |     7 |    10 |     9 ||    26
Throw: Dart              |       |       |     3 ||     3
 Stab: Sleeping          |     4 |     6 |       ||    10
Armor: Skin              |     2 |     6 |     1 ||     9
Dodge: Dodged            |    24 |    41 |    19 ||    84
Block: Kite shield       |    29 |    41 |    17 ||    87

Table legend: (Time is in decaauts)
 A = Elapsed time spent in this place.
 B = Non-inter-level travel time spent in this place.
 C = Inter-level travel time spent in this place.
 D = Time resting spent in this place.
 E = Time spent auto-exploring this place.
 F = Levels seen in this place.
 G = Mean time per level.
                   A        B        C        D        E       F      G
               +--------+--------+--------+--------+--------+-----+--------+
         Total |   4530 |   4326 |    204 |    654 |   3001 |   5 |  906.0 |
       Dungeon |   4530 |   4326 |    204 |    654 |   3001 |   5 |  906.0 |
               +--------+--------+--------+--------+--------+-----+--------+

Top non-repeatable levels by time:
     D:2: 1821 daAuts
     D:1: 1185 daAuts
     D:4: 898 daAuts
     D:3: 481 daAuts
     D:5: 143 daAuts
